 Dungeon Crawl Stone Soup version 0.22.0 (webtiles) character file.

272 BigChef the Skirmisher (level 6, -2/49 HPs)
             Began as a Demonspawn Chaos Knight on Aug 29, 2018.
             Slain by an orc wizard
             ... wielding a cursed -2 dagger
              (6 damage)
             ... on level 4 of the Dungeon.
             The game lasted 00:04:56 (2972 turns).

BigChef the Skirmisher (Demonspawn Chaos Knight)    Turns: 2972, Time: 00:04:57

Health: -2/49      AC:  5    Str: 14    XL:     6   Next: 2%
Magic:  6/6        EV: 12    Int: 14    God:    Xom [..*...]
Gold:   102        SH:  0    Dex: 16    Spells: 5/5 levels left

rFire    . . .     SeeInvis .   a - +0 spear (chaos)
rCold    . . .     Gourm    .   (no shield)
rNeg     . . .     Faith    .   b - +2 leather armour
rPois    +         Spirit   .   (helmet restricted)
rElec    .         Reflect  .   g - scarf {cloud immunity}
rCorr    .         Harm     .   (no gloves)
MR       .....     Rnd*Rage +   (no boots)
Stlth    ++........             (no amulet)
HPRegen  0.16/turn              k - +4 ring of dexterity
MPRegen  0.10/turn              (no ring)

@: berserk cooldown, very slightly contaminated, slowed, very slow
A: antennae 2, berserk 2, poison resistance, powered by death 1, rot immunity,
MP-powered wands
a: Renounce Religion


You were on level 4 of the Dungeon.
You worshipped Xom.
You were a toy of Xom.
You were hungry.

You visited 1 branch of the dungeon, and saw 4 of its levels.

You collected 102 gold pieces.

Inventory:

Hand Weapons
 a - a +0 spear of chaos (weapon)
Armour
 b - a +2 leather armour (worn)
 g - a scarf of cloud immunity (worn)
Jewellery
 h - the ring of Kyvij {rCorr +Inv rPois MP+9 Int-5, unknown}
   (You found it on level 4 of the Dungeon)

   [ring of resist corrosion]

   It affects your intelligence (-5).
   It protects you from poison.
   It affects your magic capacity (+9).
   It lets you turn invisible.
 k - a +4 ring of dexterity (left hand)
 n - a cursed amulet of inaccuracy
 u - an uncursed ring of magical power
Wands
 q - a wand of paralysis (9)
Scrolls
 d - a scroll of enchant weapon
 e - 2 scrolls of enchant armour
 j - a scroll of blinking
 m - 2 scrolls of remove curse
Potions
 f - a potion of curing
 l - a potion of heal wounds
 p - a potion of lignification
Comestibles
 c - 4 rations


   Skills:
 + Level 4.4 Fighting
 + Level 4.3 Polearms
 + Level 2.8 Armour
 + Level 1.5 Dodging
 + Level 1.3 Stealth


You had 5 spell levels left.
You didn't know any spells.
Your spell library was empty.

Dungeon Overview and Level Annotations

Branches:
Dungeon (4/15)
 Temple: D:4-7

Altars:
Hepliaklqana
Nemelex Xobeh
Yredelemnul


Innate Abilities, Weirdness & Mutations

You have a pair of antennae on your head.
You regenerate a little health from kills.
You are immune to rotting.
You often lose your temper in combat.
Your system is resistant to poisons. (rPois)
You expend magic power (3 MP) to strengthen your wands.


Message History

Blink to where?
Press: ? - help, Dir - move target cursor You are very lightly contaminated with residual magic.
As you read the scroll of blinking, it crumbles to dust.
There is an open door here.
Something hits you but does no damage. Something hits you.
You hear some strange, mumbled words.
A puff of flame appears from out of thin air!
The puff of flame hits you!
* * * LOW HITPOINT WARNING * * *
You hear some strange, mumbled words.
You hear some strange, mumbled words.
A magic dart appears from out of thin air!
The magic dart hits you!
* * * LOW HITPOINT WARNING * * *
Something hits you but does no damage. Something barely misses you.
Something hits you.
You die... "It's all fun and games until someone loses an eye."

#########################
.........................
####...######.#+#<.......
.......#####....@########
#.#.......##...{{# #
#....##.##.....#
#.##.##.##.....#
...#............# ...
#####........# ...
####.o...# ..
#..######'#+####.
.................


You could see an orc.

Vanquished Creatures
  An orc warrior (D:4)
  An orc wizard (D:4)
  Crazy Yiuf (D:2)
  An orc priest (D:4)
  2 adders
  2 oozes (D:1)
  A worm (D:2)
  A dart slug (D:1)
  6 orcs
  2 ball pythons
  3 giant cockroaches
  6 hobgoblins
  3 jackals (D:3)
  6 kobolds
  2 quokkas
  9 bats
  4 frilled lizards
  4 goblins
  5 rats
  A spectral orc (D:3)
61 creatures vanquished.

Notes
Turn   | Place    | Note
-------+----------+-------------------------------------------
     0 | D:1      | BigChef the Demonspawn Chaos Knight began the quest for the Orb.
     0 | D:1      | Reached XP level 1. HP: 18/18 MP: 1/1
   102 | D:1      | Gained mutation: You have a pair of small antennae on your head. [demonic ancestry]
   102 | D:1      | Reached XP level 2. HP: 24/24 MP: 2/2
   127 | D:1      | XOM: divination: detect items
   262 | D:1      | XOM: cloud trail
   647 | D:1      | Gained mutation: You tend to lose your temper in combat. [potion of mutation]
   647 | D:1      | Gained mutation: Your system is resistant to poisons. (rPois) [potion of mutation]
   647 | D:1      | Gained mutation: You often lose your temper in combat. [potion of mutation]
   647 | D:1      | Gained mutation: You expend magic power (3 MP) to strengthen your wands. [potion of mutation]
   684 | D:2      | Found a sparkling altar of Nemelex Xobeh.
   719 | D:2      | Found a hazy altar of Hepliaklqana.
   739 | D:2      | XOM: butterfly on damage
   744 | D:2      | Reached XP level 3. HP: 14/30 MP: 3/3
  1401 | D:2      | Found a runed door.
  1664 | D:2      | Reached skill level 1 in Dodging
  1852 | D:2      | Noticed Crazy Yiuf
  1859 | D:2      | Killed Crazy Yiuf
  1859 | D:2      | Gained mutation: You are immune to rotting. [demonic ancestry]
  1859 | D:2      | Reached XP level 4. HP: 37/37 MP: 4/4
  1935 | D:3      | Found a basalt altar of Yredelemnul.
  2248 | D:3      | XOM: divination: detect items
  2252 | D:3      | XOM: cloud trail
  2743 | D:4      | XOM: medium Fire miscast
  2915 | D:4      | Got a scintillating granite ring
  2928 | D:4      | Gained mutation: You regenerate a little health from kills. [demonic ancestry]
  2928 | D:4      | Reached XP level 5. HP: 42/42 MP: 5/5
  2936 | D:4      | Noticed an orc warrior
  2940 | D:4      | Killed an orc warrior
  2940 | D:4      | Reached skill level 1 in Stealth
  2947 | D:4      | XOM: confuse monster(s)
  2948 | D:4      | Gained mutation: You have a pair of antennae on your head. [demonic ancestry]
  2948 | D:4      | Reached XP level 6. HP: 45/49 MP: 6/6
  2950 | D:4      | XOM: confuse monster(s)
  2972 | D:4      | Slain by an orc wizard

Skill      XL: |  1  2  3  4  5 |
---------------+----------------+-----
Armour         | 2 |  2.8
Polearms       | 3 4 |  4.3
Dodging        | 1 |  1.5
Fighting       | 4 |  4.4
Stealth        | 1 |  1.3

Action                   |  1- 3 |  4- 6 || total
-------------------------+-------+-------++-------
Melee: Spear             |    85 |   122 ||   207
  Use: Potion            |     3 |     4 ||     7
       Scroll            |     2 |     7 ||     9
 Stab: Paralysed         |     1 |     1 ||     2
       Sleeping          |       |     3 ||     3
       Confused          |       |     1 ||     1
  Eat: Chunk             |     2 |     4 ||     6
Armor: Leather armour    |    17 |    35 ||    52
Dodge: Dodged            |    23 |    36 ||    59
